| TOP OF THE 1ST |
|
Kannapolis Intimidators batting - Pitching for Burlington Bees : RHP Jon Trujillo
|
|
Pitching: RHP Jon Trujillo
|
|
|
Batting: RHB Kunimatsu Oya
|
0-0: Ball 1-0: Ball 2-0: Foul Ball, location: 2F 2-1: Foul Ball, location: 2F 2-2: TRIPLE (Line Drive, 78XD, EV 103.8 MPH)
|
|
Batting: SHB Andres Agudo
|
0-0: Called Strike 0-1: Ball 1-1: Foul Ball, location: 2F 1-2: Ball 2-2: Strikes out swinging
|
|
Batting: LHB Jesus Ramirez
|
0-0: Ball 1-0: Foul Ball, location: 2F 1-1: Ball 2-1: Ground out 5-3 (Groundball, 5, EV 87.5 MPH)
|
|
Batting: RHB Corey Dalton
|
0-0: Ground out 6-3 (Groundball, 6, EV 90.0 MPH)
|
| Top of the 1st over - 0 runs, 1 hit, 0 errors, 1 left on base; Kannapolis 0 - Burlington 0 |
| BOTTOM OF THE 1ST |
|
Burlington Bees batting - Pitching for Kannapolis Intimidators : RHP Ruben Castro
|
|
Pitching: RHP Ruben Castro
|
|
|
Batting: RHB Ivan Barrientos
|
0-0: Ball 1-0: Ball 2-0: SINGLE (Flyball, 5D, EV 89.4 MPH)
|
|
Batting: RHB Peter Westover
|
0-0: Ball 1-0: Ball Ivan Barrientos steals 2nd, throwing error, E2 Ivan Barrientos to third 2-0: Ball 3-0: Called Strike 3-1: Called Strike 3-2: DOUBLE (Line Drive, 7LM, EV 108.1 MPH) Ivan Barrientos scores
|
|
Batting: LHB Ramon Garduno
|
0-0: Ball 1-0: 2-RUN HOME RUN (Flyball, 9D, EV 100.6 MPH), Distance : 392 ft
|
|
Batting: SHB Danny Gelinas
|
0-0: Foul Ball, location: 2F 0-1: Ball 1-1: Foul Ball, location: 2F 1-2: Ground out U3 (Groundball, 34, EV 86.9 MPH)
|
|
Batting: LHB Pavla Markianov
|
0-0: Ball 1-0: Called Strike 1-1: Foul Ball, location: 2F 1-2: Foul Ball, location: 2F 1-2: Ball 2-2: Ball 3-2: Foul Ball, location: 2F 3-2: Foul Ball, location: 2F 3-2: Ground out 4-3 (Groundball, 4, EV 88.1 MPH)
|
|
Batting: RHB Rory Cobb
|
0-0: Called Strike 0-1: Ground out 5-3 (Groundball, 56, EV 107.5 MPH)
|
| Bottom of the 1st over - 3 runs, 3 hits, 1 error, 0 left on base; Kannapolis 0 - Burlington 3 |
| TOP OF THE 2ND |
|
Kannapolis Intimidators batting - Pitching for Burlington Bees : RHP Jon Trujillo
|
|
Batting: RHB Ethan McCullough
|
0-0: Swinging Strike 0-1: Ball 1-1: Ball 2-1: Foul Ball, location: 2F 2-2: SINGLE (Groundball, 6M, EV 98.1 MPH) (infield hit)
|
|
Batting: RHB Nick Kleckner
|
0-0: Foul Ball, location: 2F 0-1: Swinging Strike 0-2: Ball 1-2: Ball 2-2: Ball 3-2: Foul Ball, location: 2F 3-2: Grounds into double play, 5-4-3 (Groundball, 56, EV 103.1 MPH)
|
|
Batting: RHB Toichiro Fujimoto
|
0-0: Ball 1-0: Called Strike 1-1: Fly out, F7 (Flyball, 7, EV 79.4 MPH)
|
| Top of the 2nd over - 0 runs, 1 hit, 0 errors, 0 left on base; Kannapolis 0 - Burlington 3 |
| BOTTOM OF THE 2ND |
|
Burlington Bees batting - Pitching for Kannapolis Intimidators : RHP Ruben Castro
|
|
Batting: RHB Dan Myers
|
0-0: Ground out 1-3 (Groundball, 15S, EV 68.8 MPH)
|
|
Batting: RHB Malachi Ephron
|
0-0: Ball 1-0: Ball 2-0: Ball 3-0: Base on Balls
|
|
Batting: SHB Tim Connell
|
0-0: Ball 1-0: Foul Ball, location: 2F 1-1: Ball 2-1: Called Strike 2-2: Ball 3-2: Base on Balls Malachi Ephron to second
|
|
Batting: RHB Ivan Barrientos
|
0-0: Ball 1-0: Called Strike 1-1: Ball 2-1: Swinging Strike 2-2: Ground out 6-3 (Groundball, 6S, EV 67.5 MPH) Malachi Ephron to third Tim Connell to second
|
|
Batting: RHB Peter Westover
|
0-0: Ball 1-0: Foul Ball, location: 2F 1-1: Foul Ball, location: 2F 1-2: Ball 2-2: Strikes out looking
|
| Bottom of the 2nd over - 0 runs, 0 hits, 0 errors, 2 left on base; Kannapolis 0 - Burlington 3 |
| TOP OF THE 3RD |
|
Kannapolis Intimidators batting - Pitching for Burlington Bees : RHP Jon Trujillo
|
|
Batting: RHB Kaoru Hamada
|
0-0: Fly out, F7 (Flyball, 7D, EV 77.5 MPH)
|
|
Batting: RHB Miguel Pacheco
|
0-0: Fly out, F8 (Flyball, 8LM, EV 88.8 MPH)
|
|
Batting: RHB Kunimatsu Oya
|
0-0: Ball 1-0: SINGLE (Groundball, 4D, EV 111.2 MPH)
|
|
Batting: SHB Andres Agudo
|
0-0: Called Strike Kunimatsu Oya steals 2nd base 0-1: Ball 1-1: Swinging Strike 1-2: Strikes out swinging
|
| Top of the 3rd over - 0 runs, 1 hit, 0 errors, 1 left on base; Kannapolis 0 - Burlington 3 |
| BOTTOM OF THE 3RD |
|
Burlington Bees batting - Pitching for Kannapolis Intimidators : RHP Ruben Castro
|
|
Batting: LHB Ramon Garduno
|
0-0: Called Strike 0-1: Ground out 4-3 (Groundball, 13, EV 86.2 MPH)
|
|
Batting: SHB Danny Gelinas
|
0-0: Ball 1-0: Ball 2-0: Called Strike 2-1: Foul Ball, location: 2F 2-2: Strikes out swinging
|
|
Batting: LHB Pavla Markianov
|
0-0: Called Strike 0-1: Ball 1-1: Ground out 4-3 (Groundball, 13, EV 85.6 MPH)
|
| Bottom of the 3rd over - 0 runs, 0 hits, 0 errors, 0 left on base; Kannapolis 0 - Burlington 3 |
| TOP OF THE 4TH |
|
Kannapolis Intimidators batting - Pitching for Burlington Bees : RHP Jon Trujillo
|
|
Batting: LHB Jesus Ramirez
|
0-0: Called Strike 0-1: Ball 1-1: Swinging Strike 1-2: Foul Ball, location: 2F 1-2: Ball 2-2: Ground out 4-3 (Groundball, 4, EV 80.6 MPH)
|
|
Batting: RHB Corey Dalton
|
0-0: Called Strike 0-1: Foul Ball, location: 2F 0-2: Ball 1-2: Ball 2-2: Fly out, F2 (Popup, 2L, EV 93.8 MPH)
|
|
Batting: RHB Ethan McCullough
|
0-0: Ball 1-0: Swinging Strike 1-1: Ball 2-1: Ground out 4-3 (Groundball, 4, EV 81.9 MPH)
|
| Top of the 4th over - 0 runs, 0 hits, 0 errors, 0 left on base; Kannapolis 0 - Burlington 3 |
| BOTTOM OF THE 4TH |
|
Burlington Bees batting - Pitching for Kannapolis Intimidators : RHP Ruben Castro
|
|
Batting: RHB Rory Cobb
|
0-0: SINGLE (Groundball, 6M, EV 109.4 MPH) (infield hit)
|
|
Batting: RHB Dan Myers
|
0-0: Ball 1-0: Swinging Strike 1-1: Foul Ball, location: 2F 1-2: Foul Ball, location: 2F 1-2: Ball 2-2: Fielders Choice at 2nd, 6-4 (Groundball, 6, EV 85.6 MPH)
|
|
Batting: RHB Malachi Ephron
|
0-0: Ball Dan Myers steals 2nd base 1-0: Foul Ball, location: 2F 1-1: Ball 2-1: Foul Ball, location: 2F 2-2: Ball 3-2: Base on Balls
|
|
Batting: SHB Tim Connell
|
0-0: Foul Ball, location: 2F 0-1: Swinging Strike 0-2: Ball 1-2: Ball 2-2: Ball 3-2: Strikes out looking
|
|
Batting: RHB Ivan Barrientos
|
0-0: Ball 1-0: Fielders Choice at 2nd, 6-4 (Groundball, 6, EV 80.6 MPH)
|
| Bottom of the 4th over - 0 runs, 1 hit, 0 errors, 2 left on base; Kannapolis 0 - Burlington 3 |
| TOP OF THE 5TH |
|
Kannapolis Intimidators batting - Pitching for Burlington Bees : RHP Jon Trujillo
|
|
Batting: RHB Nick Kleckner
|
0-0: SINGLE (Line Drive, 5D, EV 108.1 MPH)
|
|
Batting: RHB Toichiro Fujimoto
|
0-0: Ball Wild Pitch! Nick Kleckner to second 1-0: Foul Ball, location: 2F 1-1: Fly out, F9 (Flyball, 89S, EV 91.2 MPH)
|
|
Batting: RHB Kaoru Hamada
|
0-0: Called Strike 0-1: Ball 1-1: Ball 2-1: Swinging Strike 2-2: Foul Ball, location: 2F 2-2: Ground out 3-1 (Groundball, 13, EV 85.6 MPH) Nick Kleckner to third
|
|
Batting: RHB Miguel Pacheco
|
0-0: Called Strike 0-1: Ball 1-1: Hit by Pitch
|
|
Batting: RHB Kunimatsu Oya
|
0-0: Ball 1-0: Swinging Strike 1-1: Foul Ball, location: 2F 1-2: Ball 2-2: Ground out 4-3 (Groundball, 34S, EV 85.6 MPH)
|
| Top of the 5th over - 0 runs, 1 hit, 0 errors, 2 left on base; Kannapolis 0 - Burlington 3 |
| BOTTOM OF THE 5TH |
|
Burlington Bees batting - Pitching for Kannapolis Intimidators : RHP Ruben Castro
|
|
Batting: RHB Peter Westover
|
0-0: Ball 1-0: Ball 2-0: Called Strike 2-1: Ball 3-1: Ground out 6-3 (Groundball, 56, EV 104.4 MPH)
|
|
Pitching: LHP Keith O'Brien
|
|
|
Batting: LHB Ramon Garduno
|
0-0: Ball 1-0: Ball 2-0: Ball 3-0: Called Strike 3-1: Foul Ball, location: 2F 3-2: Strikes out swinging
|
|
Batting: SHB Danny Gelinas
|
0-0: Called Strike 0-1: Swinging Strike 0-2: Fly out, F8 (Flyball, 8RD, EV 98.8 MPH)
|
| Bottom of the 5th over - 0 runs, 0 hits, 0 errors, 0 left on base; Kannapolis 0 - Burlington 3 |
| TOP OF THE 6TH |
|
Kannapolis Intimidators batting - Pitching for Burlington Bees : RHP Jon Trujillo
|
|
Batting: SHB Andres Agudo
|
0-0: Called Strike 0-1: Ball 1-1: Foul Ball, location: 2F 1-2: Ball 2-2: Foul Ball, location: 2F 2-2: Fly out, F7 (Line Drive, 78M, EV 93.8 MPH)
|
|
Batting: LHB Jesus Ramirez
|
0-0: Ball 1-0: Ball 2-0: SINGLE (Groundball, 4MD, EV 97.5 MPH)
|
|
Batting: RHB Corey Dalton
|
0-0: Ball 1-0: Swinging Strike 1-1: Foul Ball, location: 2F 1-2: Strikes out looking
|
|
Batting: RHB Ethan McCullough
|
0-0: Ball Jesus Ramirez steals 2nd base 1-0: Ground out U3 (Groundball, 13, EV 81.2 MPH)
|
| Top of the 6th over - 0 runs, 1 hit, 0 errors, 1 left on base; Kannapolis 0 - Burlington 3 |
| BOTTOM OF THE 6TH |
|
Burlington Bees batting - Pitching for Kannapolis Intimidators : LHP Keith O'Brien
|
|
Batting: LHB Pavla Markianov
|
0-0: Ball 1-0: Called Strike 1-1: Foul Ball, location: 2F 1-2: Strikes out swinging
|
|
Batting: RHB Rory Cobb
|
0-0: Ball 1-0: Ball 2-0: Foul Ball, location: 2F 2-1: Ball 3-1: Base on Balls
|
|
Batting: RHB Dan Myers
|
0-0: Ball Pickoff Throw to First - Out! 1-3 1-0: Swinging Strike 1-1: Ball 2-1: Ball 3-1: Base on Balls
|
|
Batting: RHB Malachi Ephron
|
0-0: Ball Dan Myers steals 2nd base (no throw) 1-0: Called Strike 1-1: Ball 2-1: Swinging Strike 2-2: Ground out 5-3 (Groundball, 56, EV 79.4 MPH)
|
| Bottom of the 6th over - 0 runs, 0 hits, 0 errors, 1 left on base; Kannapolis 0 - Burlington 3 |
| TOP OF THE 7TH |
|
Kannapolis Intimidators batting - Pitching for Burlington Bees : RHP Jon Trujillo
|
|
Batting: RHB Nick Kleckner
|
0-0: Ball 1-0: Swinging Strike 1-1: SINGLE (Flyball, 78S, EV 93.8 MPH)
|
|
Batting: RHB Toichiro Fujimoto
|
0-0: Bunted foul 0-1: Bunt missed! 0-2: Ball 1-2: Ball 2-2: Foul Ball, location: 2F 2-2: Grounds into double play, 4-6-3 (Groundball, 4, EV 96.2 MPH)
|
|
Pinch Hitting: RHB Tony Garcia
|
0-0: Foul Ball, location: 2F 0-1: Fly out, F8 (Flyball, 8LD, EV 87.5 MPH)
|
| Top of the 7th over - 0 runs, 1 hit, 0 errors, 0 left on base; Kannapolis 0 - Burlington 3 |
| BOTTOM OF THE 7TH |
|
Burlington Bees batting - Pitching for Kannapolis Intimidators : LHP Keith O'Brien
|
|
Pitching: RHP Shinya Ito
|
|
|
Now in LF: Jose Pereyra
|
|
|
Now in CF: Andres Agudo
|
|
|
Batting: SHB Tim Connell
|
0-0: Foul Ball, location: 2F 0-1: Foul Ball, location: 2F 0-2: Ball 1-2: Strikes out swinging
|
|
Pitching: RHP Dave Rosado
|
|
|
Batting: RHB Ivan Barrientos
|
0-0: Called Strike 0-1: SINGLE (Line Drive, 56D, EV 96.2 MPH)
|
|
Batting: RHB Peter Westover
|
0-0: Grounds into double play, 5-4-3 (Groundball, 56S, EV 88.8 MPH)
|
| Bottom of the 7th over - 0 runs, 1 hit, 0 errors, 0 left on base; Kannapolis 0 - Burlington 3 |
| TOP OF THE 8TH |
|
Kannapolis Intimidators batting - Pitching for Burlington Bees : RHP Jon Trujillo
|
|
Pitching: RHP Tim Mumpower
|
|
|
Batting: RHB Miguel Pacheco
|
0-0: Foul Ball, location: 2F 0-1: Ball 1-1: Ball 2-1: Ground out 4-3 (Groundball, 4MS, EV 71.9 MPH)
|
|
Pinch Hitting: LHB Ryan Dyal
|
0-0: Foul Ball, location: 2F 0-1: Foul Ball, location: 2F 0-2: Strikes out swinging
|
|
Batting: SHB Andres Agudo
|
0-0: Fly out, F7 (Flyball, 78D, EV 104.4 MPH)
|
| Top of the 8th over - 0 runs, 0 hits, 0 errors, 0 left on base; Kannapolis 0 - Burlington 3 |
| BOTTOM OF THE 8TH |
|
Burlington Bees batting - Pitching for Kannapolis Intimidators : RHP Dave Rosado
|
|
Pitching: RHP Matt Christensen
|
|
|
Now at 2B: Ryan Dyal
|
|
|
Now at SS: Ethan McCullough
|
|
|
Batting: LHB Ramon Garduno
|
0-0: Ball 1-0: Called Strike 1-1: Swinging Strike 1-2: Foul Ball, location: 2F 1-2: Ball 2-2: Strikes out swinging
|
|
Batting: SHB Danny Gelinas
|
0-0: Ball 1-0: Called Strike 1-1: Ball 2-1: Ball 3-1: Base on Balls
|
|
Batting: LHB Pavla Markianov
|
0-0: Called Strike 0-1: Called Strike 0-2: Strikes out looking
|
|
Pitching: RHP Manny Cordova
|
|
|
Batting: RHB Rory Cobb
|
0-0: Ball 1-0: Swinging Strike 1-1: Called Strike 1-2: Foul Ball, location: 2F 1-2: Strikes out swinging
|
| Bottom of the 8th over - 0 runs, 0 hits, 0 errors, 1 left on base; Kannapolis 0 - Burlington 3 |
| TOP OF THE 9TH |
|
Kannapolis Intimidators batting - Pitching for Burlington Bees : RHP Tim Mumpower
|
|
Pitching: RHP Simon Vogel
|
|
|
Batting: LHB Jesus Ramirez
|
0-0: Called Strike 0-1: Foul Ball, location: 2F 0-2: Fly out, F7 (Flyball, 78M, EV 86.2 MPH)
|
|
Batting: RHB Corey Dalton
|
0-0: Called Strike 0-1: Swinging Strike 0-2: Strikes out looking
|
|
Batting: RHB Ethan McCullough
|
0-0: Ball 1-0: Foul Ball, location: 2F 1-1: Ball 2-1: Ball 3-1: Foul Ball, location: 2F 3-2: Foul Ball, location: 2F 3-2: Fly out, F7 (Flyball, 78S, EV 88.8 MPH)
|
| Top of the 9th over - 0 runs, 0 hits, 0 errors, 0 left on base; Kannapolis 0 - Burlington 3 |
|